 Dungeon Crawl Stone Soup version 0.30.0-29-ga12c61a403 (webtiles) character file.

Game seed: 13260581415989490198

55 bmack86 the Chopper (level 3, 0/31 HPs)
             Began as a Minotaur Fighter on June 21, 2023.
             Slain by a gnoll
             ... wielding a +1 spear of flaming
              (1 damage)
             ... on level 2 of the Dungeon.
             The game lasted 00:02:24 (1168 turns).

bmack86 the Chopper (Minotaur Fighter)              Turns: 1168, Time: 00:02:30

Health: 0/31       AC: 13    Str: 22    XL:     3   Next: 67%
Magic:  2/2        EV:  6    Int:  5    God:
Gold:   55         SH:  4    Dex:  9    Spells: 2/2 levels left

rFire   x . .        a - +0 war axe
rCold   . . .        c - +0 buckler
rNeg    . . .        h - +0 plate armour
rPois   .            (helmet restricted)
rElec   .            (no cloak)
rCorr   .            (no gloves)
SInv    .            (no boots)
Will    .....        (no amulet) Stlth
                     (no ring)
HPRegen 0.25/turn    (no ring)
MPRegen 0.08/turn

%: no passive effects
@: no status effects
A: horns 2, retaliatory headbutt, iridescent scales 1, heat vulnerability 1
a: no special abilities


You were on level 2 of the Dungeon.
You visited 1 branch of the dungeon, and saw 2 of its levels.

You collected 55 gold pieces.

Inventory:

Hand Weapons
 a - a +0 war axe (weapon)
Armour
 b - a +0 scale mail
 c - a +0 buckler (worn)
 h - a +0 plate armour (worn)
Scrolls
 f - a scroll of teleportation {unknown}
 i - a scroll of acquirement {unknown}
 j - a scroll of magic mapping {unknown}
Potions
 d - a potion of might
 e - a potion of invisibility {unknown}
 g - a potion of mutation
 k - a potion of heal wounds {unknown}


   Skills:
 - Level 3.6 Fighting
 + Level 5.0 Axes
 - Level 3.6 Armour
 - Level 3.6 Shields


You had 2 spell levels left.
You didn't know any spells.
Your spell library was empty.

Dungeon Overview and Level Annotations

Branches:
Dungeon (2/15)

Altars:


Innate Abilities, Weirdness & Mutations

You have a pair of horns on your head.
You reflexively headbutt those who attack you in melee.
You are partially covered in iridescent scales. (AC +2)
You are vulnerable to heat. (rF-)


Message History

You slash the gnoll!
The gnoll is severely wounded.
You hit the ball python.
You kill the ball python!
The gnoll hits you with a +0 whip. The gnoll barely misses you.
The adder bites you but does no damage.
You hit the gnoll.
The gnoll is almost dead.
You closely miss the adder. The adder bites you but does no damage.
You block the gnoll's attack.
You barely miss the gnoll.
The gnoll is almost dead.
You barely miss the adder. You block the adder's attack.
The gnoll barely misses you.
The gnoll hits you from afar with a +1 spear of flaming!
The gnoll burns you. The adder barely misses you.
The gnoll barely misses you. x2
You hit the gnoll.
You kill the gnoll!
You closely miss the adder. The adder closely misses you.
You furiously retaliate!
You headbutt the adder. The gnoll hits you but does no damage.
The adder bites you.
You closely miss the adder. Your headbutt misses the adder.
You slash the adder!
You kill the adder!
You hit the gnoll. The adder barely misses you.
The gnoll hits you but does no damage.
The gnoll hits you from afar with a +1 spear of flaming!
* * * LOW HITPOINT WARNING * * *
The gnoll burns you.
* * * LOW HITPOINT WARNING * * *
The adder bites you but does no damage.
Your Axes skill increases to level 5!
It was a potion of mutation.
You feel extremely strange.
You feel vulnerable to heat.
Iridescent scales grow over part of your body.
The gnoll hits you but does no damage. The adder bites you but does no damage.
The gnoll hits you from afar with a +1 spear of flaming.
* * * LOW HITPOINT WARNING * * *
The gnoll burns you.
You die...

.$..... .......
##.......
####..#.....
#..........(
#.#...g.....
##.#gS...<$.. .[.
#######....@g......
...
.........#.........
#.#
#######.##.........
#.# #.##.........
#.#.####
#.##......... #.#
...## #.###########
#.####..####.#
.............##
#.####........#


You could see 3 gnolls and an adder.

Vanquished Creatures
  A gnoll (D:2)
  An adder (D:2)
  A dart slug (D:1)
  2 endoplasms (D:1)
  3 giant cockroaches (D:1)
  4 goblins (D:1)
  2 hobgoblins
  4 jackals (D:1)
  A quokka (D:1)
  5 ball pythons
  3 bats
  5 frilled lizards
  A kobold (D:1)
  A rat (D:2)
34 creatures vanquished.

Notes
Turn   | Place    | Note
-------+----------+-------------------------------------------
     0 | D:1      | bmack86 the Minotaur Fighter began the quest for the Orb.
     0 | D:1      | Reached XP level 1. HP: 19/19 MP: 0/0
    60 | D:1      | Reached skill level 3 in Axes
    61 | D:1      | Reached XP level 2. HP: 22/26 MP: 1/1
   340 | D:1      | Reached skill level 4 in Axes
   741 | D:1      | Reached XP level 3. HP: 31/31 MP: 2/2
  1167 | D:2      | HP: 1/31 [gnoll/+1 spear of flaming (1)]
  1168 | D:2      | Reached skill level 5 in Axes
  1168 | D:2      | Gained mutation: You are vulnerable to heat. (rF-) [potion
                  | of mutation]
  1168 | D:2      | Gained mutation: You are partially covered in iridescent
                  | scales. (AC +2) [potion of mutation]
  1168 | D:2      | Slain by a gnoll

Illustrated notes

Levels and vault maps discovered:
D:1:      doesnt_arrival_eight_statues, layout_basic
D:2:      layout_rooms

Skill      XL: |  1  2  3 |
---------------+----------+-----
Axes           | 3 4 5 |  5.0
Fighting       | |  3.6
Armour         | |  3.6
Shields        | |  3.6

Action                     || total
---------------------------++-------
  Melee: War axe           ||    61
         Headbutt          ||     9
    Use: Potion            ||     1
 Armour: Scale mail        ||    10
         Plate armour      ||    43
  Dodge: Dodged            ||    39
  Block: Buckler           ||    16
